 Dungeon Crawl Stone Soup version 0.25.0-26-g0c896c7088 (webtiles) character file.

Game seed: 18376978308479482597

2137 wullow the Stinger (level 9, -9/65 HPs)
             Began as a Demonspawn Venom Mage on June 27, 2020.
             Was a Believer of Okawaru.
             Mangled by a large slime creature (23 damage)
             ... on level 7 of the Dungeon on July 1, 2020.
             The game lasted 00:45:56 (9416 turns).

wullow the Stinger (Demonspawn Venom Mage)          Turns: 9416, Time: 00:45:56

Health: -9/65      AC:  5    Str:  9    XL:     9   Next: 9%
Magic:  16/16      EV: 12    Int: 19    God:    Okawaru [**....]
Gold:   374        SH:  0    Dex: 16    Spells: 9/18 levels left

rFire    + + .     SeeInvis +   y - +2 short sword (venom)
rCold    x . .     Gourm    .   (no shield)
rNeg     + . .     Faith    .   A - +2 leather armour {rF+}
rPois    .         Spirit   .   (helmet unavailable)
rElec    .         Reflect  .   (no cloak)
rCorr    .         Harm     .   (no gloves)
MR       .....                  (no boots)
Stlth    ++........             b - amulet of regeneration
HPRegen  0.60/turn              B - ring of fire
MPRegen  0.15/turn              K - ring of positive energy

@: no status effects
A: antennae 3, thin skeletal structure 1, powered by pain 1
a: Heroism, Renounce Religion


You were on level 7 of the Dungeon.
You worshipped Okawaru.
Okawaru was pleased with you.
You were not hungry.

You visited 2 branches of the dungeon, and saw 8 of its levels.

You collected 429 gold pieces.
You spent 55 gold pieces at shops.

Inventory:

Hand Weapons
 q - a +0 dagger
 w - a +0 falchion of protection
 y - a +2 short sword of venom (weapon)
 H - a +0 hunting sling
Missiles
 d - 153 stones (quivered)
 e - 180 arrows
 j - 75 sling bullets
 l - 38 poisoned darts
Armour
 a - a +0 robe
 A - a +2 leather armour of fire resistance (worn)
Jewellery
 b - an amulet of regeneration (around neck)
 B - a ring of fire (left hand)
 F - an uncursed amulet of the acrobat
 G - an uncursed amulet of reflection {unknown}
 K - a ring of positive energy (right hand)
Wands
 u - a wand of flame (38)
 D - a wand of disintegration (11)
 I - a wand of clouds (3)
Scrolls
 g - 3 scrolls of remove curse
 h - a scroll of identify
 i - a scroll of blinking {unknown}
 k - 5 scrolls of teleportation {unknown}
 p - 4 scrolls of amnesia {unknown}
 r - a scroll of enchant weapon {unknown}
 v - 3 scrolls of immolation {unknown}
 E - a scroll of magic mapping {unknown}
Potions
 f - a potion of might
 m - a potion of lignification
 n - 4 potions of curing
 o - 2 potions of cancellation
 s - 2 potions of heal wounds
 t - a potion of resistance
 x - 2 potions of ambrosia
 z - 3 potions of stabbing {unknown}
 C - a potion of haste {unknown}
 J - a potion of mutation {unknown}
Comestibles
 c - 7 rations


   Skills:
 - Level 4.0 Fighting
 - Level 2.0 Dodging
 - Level 2.0 Stealth
 - Level 5.0 Spellcasting
 - Level 4.0 Conjurations
 + Level 3.9 Transmutations
 + Level 3.9 Fire Magic
 - Level 4.0 Air Magic
 - Level 5.0 Poison Magic
 + Level 2.0 Invocations


You had 9 spell levels left.
You knew the following spells:

 Your Spells              Type           Power        Failure   Level  Hunger
a - Sting                 Tmut/Pois      ###.         2%          1    None
b - Poisonous Vapours     Pois/Air       ###...       4%          2    #......
c - Mephitic Cloud        Conj/Pois/Air  ###.....     9%          3    ##.....
d - Ignite Poison         Fire/Tmut/Pois ####....     9%          3    ##.....

Your spell library contained the following spells:

 Spells                   Type           Power        Failure   Level  Hunger
 Olgreb's Toxic Radiance  Pois           ###.....     22%         4    ####...
 Confusing Touch          Hex            #.......     45%         3    ##.....
 Gell's Gravitas          Tloc           #.........   45%         3    ##.....
 Petrify                  Tmut/Erth      ##......     61%         4    ####...
 Yara's Violent Unravell  Hex/Tmut       ##........   91%         5    ######.
 Metabolic Englaciation   Hex/Ice        #.........   99%         5    ######.


Dungeon Overview and Level Annotations

Branches:
Dungeon (7/15)             Temple (1/1) D:5

Altars:
Ashenzari
Cheibriados
Dithmenos
Elyvilon
Fedhas
Gozag
Hepliaklqana
Kikubaaqudgha
Makhleb
Nemelex Xobeh
Okawaru
Qazlal
Ru
Sif Muna
Trog
Uskayaw
Vehumet
Wu Jian
Xom
Yredelemnul
Zin
The Shining One

Shops:
D:6 %?


Innate Abilities, Weirdness & Mutations

You have a pair of large antennae on your head. (SInv)
You have a somewhat thin skeletal structure. (Dex +2, Stealth)
You sometimes gain a little power by taking damage.


Message History

Things that are here:
a +0 short sword; a +0 whip The large slime creature hits you.
There is an open door here.
There is an open door here.
You hit the large slime creature.
The large slime creature is poisoned.
The large slime creature is lightly wounded.
The large slime creature hits you!
You hit the large slime creature.
The large slime creature is lightly wounded.
The large slime creature hits you!
You hit the large slime creature.
The large slime creature looks as sick as possible!
The large slime creature is lightly wounded.
The large slime creature hits you!!
* * * LOW HITPOINT WARNING * * *
You hit the large slime creature.
The large slime creature is lightly wounded.
The large slime creature hits you!!
You die...

#.# #........+.......#
##'#####........#.......#
#.....##........#.......#
#.....##........#.......#
#.....####'#.####.......#
##'#### #.#............#
#.# #.#######......#
#.#######.# #####.##
#......J@.# #.###
########### #.... #####
#### #... #.## #.#


You could see a large slime creature (extremely poisoned).

Vanquished Creatures
  A slime creature (D:7)
  Sigmund (D:6)
  Menkaure (D:6)
  2 ice beasts (D:6)
  An ogre (D:6)
  A centaur (D:6)
  3 big kobolds (D:7)
  A bullfrog (D:7)
  A scorpion (D:5)
  A wyvern skeleton (D:6)
  2 howler monkeys
  4 crimson imps
  Crazy Yiuf (D:3)
  A quasit (D:5)
  A jelly (D:6)
  3 orc priests
  2 hounds
  5 orc wizards
  A bullfrog skeleton (D:5)
  2 iguanas
  3 worker ants
  A hound skeleton (D:6)
  8 adders
  2 oozes (D:7)
  2 worms
  3 dart slugs
  4 leopard geckos
  18 orcs
  A ball python (D:2)
  3 bats
  8 giant cockroaches
  6 goblins
  9 hobgoblins
  2 jackals (D:4)
  4 quokkas
  7 frilled lizards
  A goblin skeleton (D:5)
  2 goblin zombies (D:5)
  3 hobgoblin zombies (D:5)
  A jackal zombie (D:5)
  17 kobolds
  2 kobold skeletons (D:5)
  3 kobold zombies (D:5)
  A leopard gecko zombie (D:5)
  An orc skeleton (D:5)
  2 orc zombies (D:5)
  11 rats
160 creatures vanquished.

Vanquished Creatures (others)
  5 fungi (D:7)
  7 toadstools (D:7)
12 creatures vanquished.

Grand Total: 172 creatures vanquished

Notes
Turn   | Place    | Note
-------+----------+-------------------------------------------
     0 | D:1      | wullow the Demonspawn Venom Mage began the quest for the
                  | Orb.
     0 | D:1      | Reached XP level 1. HP: 13/13 MP: 3/3
    35 | D:1      | Reached skill level 1 in Transmutations
   176 | D:1      | Gained mutation: You sometimes gain a little power by
                  | taking damage. [demonic ancestry]
   176 | D:1      | Reached XP level 2. HP: 19/19 MP: 3/5
   244 | D:1      | Learned a level 2 spell: Poisonous Vapours
   921 | D:1      | Gained mutation: You have a pair of small antennae on your
                  | head. [demonic ancestry]
   921 | D:1      | Reached XP level 3. HP: 24/24 MP: 1/6
   938 | D:1      | Learned a level 3 spell: Mephitic Cloud
  1413 | D:2      | Reached skill level 1 in Air Magic
  1887 | D:2      | Reached XP level 4. HP: 27/30 MP: 0/7
  2028 | D:2      | Reached skill level 1 in Conjurations
  2063 | D:2      | Found a burning altar of Makhleb.
  2066 | D:2      | Found an iron altar of Okawaru.
  2069 | D:2      | Found a radiant altar of Vehumet.
  2087 | D:2      | Became a worshipper of Warmaster Okawaru
  2620 | D:3      | Gained mutation: You have a pair of antennae on your head.
                  | [demonic ancestry]
  2620 | D:3      | Reached XP level 5. HP: 30/35 MP: 6/9
  3145 | D:3      | Found a faded altar of an unknown god.
  3167 | D:3      | Found a runed translucent door.
  3168 | D:3      | Noticed Crazy Yiuf
  3509 | D:3      | Killed Crazy Yiuf
  3655 | D:4      | You fall into a shaft and drop 1 floor!
  3655 | D:5      | Entered Level 5 of the Dungeon
  3847 | D:4      | Reached XP level 6. HP: 10/41 MP: 6/10
  4451 | D:4      | Reached skill level 1 in Fighting
  5152 | D:4      | Found a sparkling altar of Nemelex Xobeh.
  5567 | D:5      | Gained mutation: You have a pair of large antennae on your
                  | head. (SInv) [demonic ancestry]
  5567 | D:5      | Reached XP level 7. HP: 44/48 MP: 4/11
  5672 | D:5      | Found a glowing golden altar of the Shining One.
  6030 | D:5      | Found a staircase to the Ecumenical Temple.
  6051 | D:5      | Reached * piety under Okawaru
  6053 | Temple   | Entered the Ecumenical Temple
  6732 | D:6      | Noticed Sigmund
  6815 | D:6      | Killed Sigmund
  7212 | D:6      | Reached ** piety under Okawaru
  7367 | D:6      | Reached skill level 5 in Poison Magic
  7367 | D:6      | Reached XP level 8. HP: 26/58 MP: 7/14
  7572 | D:6      | Found a sparkling altar of Nemelex Xobeh.
  7780 | D:6      | Found an iron altar of Okawaru.
  7784 | D:6      | Found Wuessur's Food Boutique.
  7810 | D:6      | Found Jyasaddoma's Magic Scroll Shoppe.
  7847 | D:6      | Bought a scroll of identify for 22 gold pieces
  7847 | D:6      | Bought a scroll of remove curse for 33 gold pieces
  7979 | D:6      | Noticed Menkaure
  7991 | D:6      | Learned a level 3 spell: Ignite Poison
  8070 | D:6      | Reached skill level 1 in Fire Magic
  8209 | D:6      | Killed Menkaure
  8209 | D:6      | Reached skill level 5 in Spellcasting
  8232 | D:6      | Reached skill level 1 in Invocations
  8263 | D:6      | Found a shattered altar of Ashenzari.
  8610 | D:7      | Upgraded the game from 0.25.0-11-g1f837a76a1 to
                  | 0.25.0-26-g0c896c7088
  8998 | D:7      | Noticed a slime creature
  8999 | D:7      | Noticed a slime creature
  8999 | D:7      | Noticed a slime creature
  9103 | D:7      | Killed a slime creature
  9103 | D:7      | Reached *** piety under Okawaru
  9103 | D:7      | Gained mutation: You have a somewhat thin skeletal
                  | structure. (Dex +2, Stealth) [demonic ancestry]
  9103 | D:7      | Reached XP level 9. HP: 27/65 MP: 7/16
  9416 | D:7      | Mangled by a large slime creature

Illustrated notes

Levels and vault maps discovered:
D:1:      tarquinn_simple_flora_water_f, layout_loops_ring
D:2:      layout_rooms, grunt_temple_overflow_diamond, first_ration,
          minivault_19
D:3:      layout_rooms, chequers_ecumenical_altar_simple,
          uniq_crazy_yiuf_cottage
D:4:      layout_basic, nemelex_spade_bored_becter
D:5:      layout_loops_ring, nicolae_tso_besieged_by_evil,
          minmay_temple_entry_overgrown
D:6:      layout_basic, cheibrodos_ashenzari_chains, nemelex_altar_shiori,
          serial_shops, shop, shop_statue, minivault_5, okawaru_gym_becter,
          uniq_menkaure, uniq_sigmund
D:7:      cheibrodos_fertilizer, layout_basic, chequers_serial_rivers_micro_e,
          minmay_misc_feat_encased
Temple:   regret_index_temple_sphere_string

Skill      XL: |  1  2  3  4  5  6  7  8 |
---------------+-------------------------+-----
Transmutations | 1 2 3 |  3.9
Air Magic      | 1 2 3 4 |  4.0
Conjurations   | 1 3 4 |  4.0
Spellcasting   | 3 4 5 |  5.0
Poison Magic   | 4 5 |  5.0
Dodging        | 2 |  2.0
Fighting       | 1 3 4 |  4.0
Stealth        | 2 |  2.0
Fire Magic     | 3 |  3.9
Invocations    | 2 |  2.0

Action                   |  1- 3 |  4- 6 |  7- 9 || total
-------------------------+-------+-------+-------++-------
Melee: Unarmed           |    10 |       |       ||    10
       Dagger            |       |     1 |       ||     1
       Short sword       |       |    13 |   144 ||   157
Throw: Stone             |       |       |     1 ||     1
 Cast: Sting             |    68 |    79 |    92 ||   239
       Poisonous Vapours |    15 |    57 |    29 ||   101
       Mephitic Cloud    |       |       |    11 ||    11
       Ignite Poison     |       |       |     8 ||     8
  Use: Scroll            |       |       |     8 ||     8
 Stab: Sleeping          |       |       |     1 ||     1
  Eat: Chunk             |     4 |    15 |     9 ||    28
       Ration            |       |       |     2 ||     2
Armor: Robe              |     2 |     4 |       ||     6
       Leather armour    |       |    15 |    44 ||    59
Dodge: Dodged            |    24 |    33 |   106 ||   163
